[Event "*** Titled Tuesday Blitz"]
[Site "Chess.com"]
[Date "2020.11.10"]
[Round "11"]
[White "paulrusan"]
[Black "JiiHart"]
[Result "1-0"]
[WhiteElo "2222"]
[BlackElo "2077"]
[TimeControl "180+1"]
[EndTime "12:12:15 PST"]
[Termination "paulrusan won on time"]

1. e4 c5 2. b4 cxb4 3. Bb2 e6 4.
a3 Nc6 5. axb4 Bxb4 6. Bxg7 Nf6 7. Bxh8 Nxe4 8. Qg4 d5 9. Qg8+ Ke7 10. Qxd8+ Kxd8 11. f3 Nd6 12. Nc3 Bd7 13. Nb5 Ke7 14. Bb2 Rg8 15.
Nxa7 Nc4 16. Bxc4 dxc4 17. Nxc6+ Bxc6 18. Ba3 Bxa3 19. Rxa3 Rxg2 20. Ne2 b5 21. Nd4 Bd7 22. Ra7 Kd6 23. c3 e5 24. Nc2 Rg8 25. Kf2 Rd8 26. Rg1 Be6 27. Ne3 Kc5 28. Ke2 Kb6 29.
Rga1 1-0

[Event "*** Titled Tuesday Blitz"]
[Site "Chess.com"]
[Date "2020.11.10"]
[Round "11"]
[White "maciek_92"]
[Black "Sibelephant"]
[Result "0-1"]
[WhiteElo "2786"]
[BlackElo "3075"]
[TimeControl "180+1"]
[EndTime "12:12:18 PST"]
[Termination "Sibelephant won on time"]

1. e4 e5 2. Nf3 Nc6 3. Bb5 a6 4. Ba4 d6 5. c3 Bd7 6. d4 g6 7. Bg5 f6 8. Bh4 h5 9. Bg3 g5 10. h4 g4 11. Nfd2 Nge7 12. Nf1 f5 13. dxe5 Nxe5 14.
Bxe5 dxe5 15. Ne3 f4 16. Nd5 Rh6 17. Nd2 c6 18. Nxe7 Qxe7 19. Qe2 O-O-O 20. O-O-O Be8 21. Nc4 b5 22. Na5 Qc7 23. b4 c5 24. Rxd8+ Kxd8 25. Rd1+ Kc8 26. Kb1 bxa4 27. Qc4 Rd6 28. Rd5 Bb5 0-1

[Event "*** Titled Tuesday Blitz"]
[Site "Chess.com"]
[Date "2020.11.10"]
[Round "11"]
[White "frederiksvane"]
[Black "Lion-Al-Messi"]
[Result "0-1"]
[WhiteElo "2682"]
[BlackElo "2563"]
[TimeControl "180+1"]
[EndTime "12:12:19 PST"]
[Termination "Lion-Al-Messi won by resignation"]

1. e4 b6 2. d4 Bb7 3. Bd3 e6 4. Nf3 c5 5. c3 Nf6 6. Nbd2 Nc6 7. O-O cxd4 8. cxd4 Nb4 9. Bb1 Rc8 10. a3 Nc6 11. e5 Nd5 12. Ne4 f5 13. Bg5 Qc7 14. Ng3 h6 15. Bd2 g5 16. Nh5 g4 17. Nh4 Nxd4 18.
Ng6 Qc6 19. Nhf4 Nxf4 20. Nxf4 Rg8 21. Be3 Nb5 22. Bd3 Bc5 23. Rc1 d6 24. Qe2 a6 25.
Bxc5 dxc5 26. Bc4 Nd4 27. Qe3 h5 28. Rfd1 h4 29. Rc3 h3 30. Rxd4 cxd4 31. Qxd4 Rd8 32. Qe3 Qxc4 0-1

[Event "*** Titled Tuesday Blitz"]
[Site "Chess.com"]
[Date "2020.11.10"]
[Round "11"]
[White "Das_Virus_2020"]
[Black "kamilianin235"]
[Result "0-1"]
[WhiteElo "2413"]
[BlackElo "2215"]
[TimeControl "180+1"]
[EndTime "12:12:19 PST"]
[Termination "kamilianin235 won by resignation"]

1. e4 c5 2. Nc3 a6 3. f4 Nc6 4.
Nf3 g6 5. a4 Bg7 6. Bc4 e6 7.
f5 Nge7 8. fxe6 fxe6 9. d3 O-O 10. O-O d5 11. Ba2 d4 12. Ne2 Kh8 13. Qe1 e5 14. Qh4 Ng8 15. Ng5 Rxf1+ 16. Kxf1 Qf6+ 17. Kg1 Nh6 18. Bd2 Qe7 19. Rf1 Bd7 20. Rf7 Qe8 21. Rxg7 Kxg7 22.
Ne6+ Bxe6 23. Bxh6+ Kf7 24. Qf2+ Ke7 25. Bd5 Qd7 26.
Bg5+ Kd6 27. Qf6 Qe7 28. Qxe7+ Nxe7 29. Bxe6 Kxe6 30. b3 b5 31. a5 Nc6 32. Kf2 Nxa5 33. Ng1 Nc6 34. Bd2 Nb4 0-1

[Event "*** Titled Tuesday Blitz"]
[Site "Chess.com"]
[Date "2020.11.10"]
[Round "11"]
[White "NikolaGry"]
[Black "ViditYT"]
[Result "1-0"]
[WhiteElo "2659"]
[BlackElo "2836"]
[TimeControl "180+1"]
[EndTime "12:12:22 PST"]
[Termination "NikolaGry won on time"]

1. e4 c5 2. Be2 Nc6 3. f4 Nf6 4.
d3 g6 5. Nf3 Bg7 6. c3 O-O 7.
O-O Rb8 8. h3 b5 9. Be3 d6 10.
a3 a5 11. Nbd2 Nh5 12. Qe1 b4 13. axb4 axb4 14. d4 bxc3 15. bxc3 cxd4 16. cxd4 e5 17. fxe5 dxe5 18. d5 Nd4 19. Bg5 f6 20. Nxd4 fxg5 21. Rxf8+ Qxf8 22. Nc6 Rb2 23. Bxh5 gxh5 24. Ra8 Bf6 25. Nc4 Qc5+ 26. Ne3 Qf8 27. Nf5 1-0

[Event "*** Titled Tuesday Blitz"]
[Site "Chess.com"]
[Date "2020.11.10"]
[Round "11"]
[White "VinzentSpitzl"]
[Black "RobPeresian"]
[Result "1-0"]
[WhiteElo "2343"]
[BlackElo "2437"]
[TimeControl "180+1"]
[EndTime "12:12:25 PST"]
[Termination "VinzentSpitzl won by resignation"]

1. e4 c5 2. Nf3 d6 3. d4 cxd4 4. Nxd4 Nf6 5. Nc3 a6 6. Bg5 e6 7. Qe2 Nbd7 8. O-O-O Qc7 9. f4 Be7 10. g4 b5 11. Bg2 Bb7 12. e5 dxe5 13. fxe5 Nd5 14.
Bxe7 Nxc3 15. bxc3 Kxe7 16. Bxb7 Qxb7 17. Rhf1 Rac8 18. Qe3 h6 19. g5 Qc7 20. gxh6 gxh6 21. Qf4 Rcf8 22. Qh4+ Ke8 23. Qh5 Qxe5 24. Qf3 Qb8 25.
Qc6 Ke7 26. Nf5+ Kf6 27. Qxd7 Qe5 28. Nd6+ Kg7 29. Nxf7 Qxc3 30. Ne5+ Kg8 31. Rg1+ 1-0

[Event "*** Titled Tuesday Blitz"]
[Site "Chess.com"]
[Date "2020.11.10"]
[Round "11"]
[White "HouseOfDurin"]
[Black "niki_2003"]
[Result "0-1"]
[WhiteElo "2136"]
[BlackElo "1966"]
[TimeControl "180+1"]
[EndTime "12:12:25 PST"]
[Termination "niki_2003 won by resignation"]

1. d4 Nf6 2. Bg5 c5 3. Bxf6 gxf6 4. c3 Nc6 5. e3 cxd4 6. exd4 Bh6 7. g3 d5 8. Bg2 Bf5 9. Nd2 Qb6 10. Qb3 e6 11.
Qxb6 axb6 12. Ngf3 b5 13. O-O Ke7 14. a3 Ra4 15.
Rfe1 Rha8 16. Rac1 Na5 17. Bf1 Nc4 18. Bxc4 bxc4 19.
Kg2 Be4 20. Ra1 Bxd2 21. Rxe4 dxe4 22. Nxd2 f5 23. Nxc4 Rxc4 24. Kf1 Ra6 25. Ke2 Rb6 26. Ra2 f6 27. Kd2 e5 28. dxe5 fxe5 29. a4 f4 30. a5 Ra6 31. b4 b6 32. Kc2 bxa5 33. Kb3 Rc8 34. Re2 a4+ 35. Kc2 a3 36. Rxe4 a2 37.
Rxe5+ Kf6 38. Re1 a1=Q 39. Rxa1 Rxa1 40. gxf4 Ra3 41. Kb2 Raxc3 42. h4 R3c4 43. Kb3 Rxf4 44. b5 Rb8 45. h5 Rxb5+ 46. Kc3 Rxh5 47. Kd3 Rxf2 48.
Ke3 Rff5 0-1

[Event "*** Titled Tuesday Blitz"]
[Site "Chess.com"]
[Date "2020.11.10"]
[Round "11"]
[White "GM_Crest"]
[Black "Volodar_Murzin"]
[Result "1-0"]
[WhiteElo "2711"]
[BlackElo "2557"]
[TimeControl "180+1"]
[EndTime "12:12:27 PST"]
[Termination "GM_Crest won on time"]

1. d4 Nf6 2. c4 g6 3. Nc3 Bg7 4.
e4 d6 5. Nf3 O-O 6. Be2 e5 7. Be3 Nc6 8. d5 Ne7 9. Nd2 Nd7 10. b4 f5 11. f3 f4 12. Bf2 Nf6 13. c5 g5 14. Nc4 Ng6 15. cxd6 cxd6 16. Nb5 Ne8 17. Nxa7 Nh4 18. O-O g4 19. fxg4 Rxa7 20. Bxa7 Nf6 21. Bf3 b5 22. Nd2 h5 23. gxh5 Nxf3+ 24.
gxf3 Bh3 25. Kh1 Nxh5 26. Bf2 Kf7 27. Rg1 Bf6 28. a4 Rh8 29. axb5 Bh4 30. Ra7+ Be7 31. Qe1 Bd7 32. Qf1 Rh7 33. Qg2 Ng3+ 34. Bxg3 fxg3 35. Qxg3 1-0

[Event "*** Titled Tuesday Blitz"]
[Site "Chess.com"]
[Date "2020.11.10"]
[Round "11"]
[White "chessmachine14"]
[Black "CzechmVIII"]
[Result "0-1"]
[WhiteElo "2263"]
[BlackElo "2140"]
[TimeControl "180+1"]
[EndTime "12:12:28 PST"]
[Termination "CzechmVIII won by resignation"]

1. e4 c5 2. Nf3 d6 3. d4 cxd4 4. Nxd4 Nf6 5. Nc3 g6 6. Be3 Bg7 7. f3 Nc6 8. Qd2 O-O 9. g4 Be6 10. O-O-O Nxd4 11. Bxd4 Qa5 12. Kb1 Rfc8 13. a3 Rab8 14.
h4 b5 15. Qg5 Qc7 16. e5 h6 17. exd6 Qxc3 18. Bxc3 hxg5 19. dxe7 Nd5 20. Ba5 Nxe7 21. hxg5 Nc6 22. Be1 Nd4 23. c3 Nxf3 24. Bg3 Be5 25. Bxe5 Nxe5 26. Bg2 Nxg4 27. Rh4 Kg7 28. Bf3 Rh8 29.
Rdh1 Rxh4 30. Rxh4 Ne5 31. Be2 Rh8 32. Re4 Nd7 33. Rd4 Nb6 34. Bxb5 Rh5 35. c4 Rxg5 36. a4 Rg4 37. a5 Rxd4 38. axb6 axb6 39. b3 Rd2 40. Kc1 Rf2 41. b4 g5 42. c5 bxc5 43. bxc5 g4 44. c6 g3 45. c7 g2 0-1

[Event "*** Titled Tuesday Blitz"]
[Site "Chess.com"]
[Date "2020.11.10"]
[Round "11"]
[White "parintele_chess"]
[Black "GMJustin"]
[Result "0-1"]
[WhiteElo "2156"]
[BlackElo "2309"]
[TimeControl "180+1"]
[EndTime "12:12:29 PST"]
[Termination "GMJustin won by resignation"]

1. d4 Nf6 2. c4 g6 3. Nc3 d5 4. cxd5 Nxd5 5. e4 Nxc3 6. bxc3 Bg7 7. Nf3 c5 8. Be3 Qa5 9. Qd2 O-O 10. Rc1 Nd7 11.
Be2 Nf6 12. Bd3 Bg4 13. d5 c4 14. Bb1 Bxf3 15. gxf3 Rfd8 16. Qb2 Nd7 17. f4 f5 18. f3 Rac8 19. Kf2 Nc5 20. Bxc5 Qxc5+ 21. Kg2 Qe3 22. Rhe1 Qxf4 23. Qxb7 Be5 24. Rh1 Rc7 25. Qb2 Kg7 26. Qf2 Rd6 27. Qg3 Qd2+ 28. Qf2 Qg5+ 29.
Kf1 Qxc1+ 30. Kg2 Qg5+ 31. Kh3 Rb6 32. Rg1 Qh5+ 33. Qh4 Qxf3+ 0-1

[Event "*** Titled Tuesday Blitz"]
[Site "Chess.com"]
[Date "2020.11.10"]
[Round "11"]
[White "Luklei18"]
[Black "lefonghua"]
[Result "0-1"]
[WhiteElo "2347"]
[BlackElo "2485"]
[TimeControl "180+1"]
[EndTime "12:12:32 PST"]
[Termination "lefonghua won on time"]

1. c4 Nf6 2. Nc3 g6 3. e4 d6 4. d4 Bg7 5. Nf3 O-O 6. Be2 c5 7. O-O cxd4 8. Nxd4 Nc6 9. Be3 Bd7 10. Qd2 Nxd4 11. Bxd4 Bc6 12. f3 a5 13. b3 Nd7 14.
Be3 Nc5 15. Rab1 Qb6 16. Rfc1 Rfc8 17. Bf1 Qd8 18. g3 h5 19. a3 h4 20. b4 axb4 21.
axb4 Na4 22. Nd5 hxg3 23. hxg3 Bxd5 24. exd5 Qd7 25. Bd4 Qf5 26. Bxg7 Kxg7 27. Qd4+ Qf6 28. Qxf6+ Kxf6 29. Rc2 Nb6 30. Rbc1 Ra4 31. c5 dxc5 32.
bxc5 Nxd5 33. c6 Rxc6 34. Rxc6+ bxc6 35. Rxc6+ e6 36. Kf2 Ra2+ 37. Be2 g5 38. Rc4 Rb2 39. f4 gxf4 40. gxf4 Ne7 41. Kf3 Rb3+ 42. Kf2 Nd5 43. Bf3 Rb2+ 44. Kg3 Ne3 45. Rc3 Nf5+ 46. Kg4 Rh2 0-1

[Event "*** Titled Tuesday Blitz"]
[Site "Chess.com"]
[Date "2020.11.10"]
[Round "11"]
[White "Zhigalko_Sergei"]
[Black "Supernotar"]
[Result "1-0"]
[WhiteElo "2936"]
[BlackElo "2856"]
[TimeControl "180+1"]
[EndTime "12:12:33 PST"]
[Termination "Zhigalko_Sergei won by resignation"]

1. e4 c6 2. d4 d5 3. e5 Bf5 4. Nf3 e6 5. Be2 Nd7 6. O-O h6 7. Nbd2 Ne7 8. a4 Bg6 9. a5 Nf5 10. c3 Be7 11. g4 Nh4 12. Nxh4 Bxh4 13. f4 f5 14. exf6 Bxf6 15. Nf3 Qc7 16. a6 b6 17. Bd3 Bxd3 18. Qxd3 O-O-O 19. Bd2 g5 20. Ne5 Rhf8 21. Ng6 Rfe8 22. Rae1 Qd6 23. b4 b5 24. Qh3 gxf4 25. Bxf4 e5 26. dxe5 Bxe5 27. Nxe5 Rxe5 28. Qg3 Rde8 29.
Bxe5 Nxe5 30. Kg2 d4 31. Rf5 Qd5+ 32. Kh3 h5 33. Rfxe5 hxg4+ 34. Qxg4+ 1-0

[Event "*** Titled Tuesday Blitz"]
[Site "Chess.com"]
[Date "2020.11.10"]
[Round "11"]
[White "MaxLeto"]
[Black "martynkovaelena"]
[Result "1-0"]
[WhiteElo "2397"]
[BlackElo "2253"]
[TimeControl "180+1"]
[EndTime "12:12:34 PST"]
[Termination "MaxLeto won on time"]

1. g4 d5 2. Bg2 c6 3. g5 e5 4. d4 e4 5. c4 Be6 6. Nc3 Nd7 7. Qb3 Qb6 8. c5 Qxb3 9. axb3 Ne7 10.
b4 Nf5 11. Be3 Be7 12. h4 Nxe3 13. fxe3 h6 14. Nh3 Bxh3 15. Bxh3 hxg5 16. hxg5 Bxg5 17. Kd2 a6 18. b5 Nf6 19. bxc6 bxc6 20. Na4 Ke7 21.
Nb6 Rad8 22. Bf5 g6 23. Rxh8 Rxh8 24. Bc8 Rh4 25. Rxa6 Ng4 26. Ra7+ Ke8 27. Bd7+ Kf8 28. Bxg4 Rxg4 29. Nd7+ Kg8 30. Ne5 Rg3 31. Ra3 f5 32.
Nxc6 f4 33. exf4 e3+ 34. Kd3 Bxf4 35. b4 Kf7 36. b5 Rg1 37. b6 Rd1+ 38. Kc3 Rc1+ 39.
Kb2 1-0

[Event "*** Titled Tuesday Blitz"]
[Site "Chess.com"]
[Date "2020.11.10"]
[Round "11"]
[White "jacky72"]
[Black "VladimirPotkin"]
[Result "0-1"]
[WhiteElo "2530"]
[BlackElo "2680"]
[TimeControl "180+1"]
[EndTime "12:12:35 PST"]
[Termination "VladimirPotkin won by resignation"]

1. d4 Nf6 2. c4 e6 3. Nf3 d5 4. Nc3 c6 5. Bg5 h6 6. Bxf6 Qxf6 7. e3 Nd7 8. Rc1 g6 9. Bd3 Bg7 10. O-O dxc4 11. Bxc4 O-O 12. e4 Qe7 13. Qe2 a6 14.
Rfd1 b5 15. Bb3 c5 16. d5 c4 17. d6 Qf6 18. Bc2 Bb7 19. Re1 Ne5 20. Rcd1 Rfd8 21.
Rd2 Rd7 22. Red1 Rad8 23. Qe3 Nxf3+ 24. gxf3 g5 25. Qb6 Qe5 26. a4 Qf4 27. axb5 axb5 28.
Qe3 b4 29. Qxf4 gxf4 30. Na4 c3 31. bxc3 bxc3 32. Re2 Rxd6 33. Rxd6 Rxd6 34. e5 Rd4 35. Nxc3 Bxf3 36. Re1 Rc4 37. Be4 Rxc3 38. Bxf3 Rxf3 39. Re3 fxe3 0-1

[Event "*** Titled Tuesday Blitz"]
[Site "Chess.com"]
[Date "2020.11.10"]
[Round "11"]
[White "tlomigtlis"]
[Black "eightbyeightchess"]
[Result "1-0"]
[WhiteElo "2584"]
[BlackElo "2412"]
[TimeControl "180+1"]
[EndTime "12:12:36 PST"]
[Termination "tlomigtlis won by resignation"]

1. d4 d5 2. c4 c6 3. Nf3 Nf6 4. Nc3 dxc4 5. a4 Bf5 6. Ne5 Nbd7 7. Nxc4 Qc7 8. g3 e5 9. dxe5 Nxe5 10. Bf4 Nfd7 11. Bg2 f6 12. O-O g5 13. Ne3 Be6 14. Bxe5 Qxe5 15. a5 a6 16. Qa4 Bc5 17. Ng4 Qd4 18.
h3 h5 19. Ne3 O-O-O 20. Qc2 h4 21. Rfd1 Qe5 22. g4 Bxe3 23. fxe3 Qxe3+ 24. Kh1 Ne5 25. Ne4 Rxd1+ 26. Rxd1 Bb3 27. Qd2 Qxd2 28. Rxd2 Nc4 29. Rd3 Nxa5 30. Nxf6 Rf8 31. Nh7 Re8 32. e4 Bc2 33. Re3 Re5 34. Nf8 b5 35. Re2 Bd3 36.
Re3 Bb1 37. Kh2 Nc4 38. Re1 Bd3 39. b3 Nd6 40. Rd1 Nxe4 41. Rxd3 Nc5 42. Rd6 Kc7 43. Rxc6+ 1-0

[Event "*** Titled Tuesday Blitz"]
[Site "Chess.com"]
[Date "2020.11.10"]
[Round "11"]
[White "igorknyazev"]
[Black "Chernov_Mikhail"]
[Result "0-1"]
[WhiteElo "2039"]
[BlackElo "2344"]
[TimeControl "180+1"]
[EndTime "12:12:37 PST"]
[Termination "Chernov_Mikhail won by resignation"]

1. e4 c5 2. f4 d5 3. exd5 Nf6 4. Bb5+ Bd7 5. Bxd7+ Qxd7 6. Nc3 Nxd5 7. Qf3 e6 8.
Nxd5 exd5 9. Ne2 Be7 10. Nc3 d4 11. Nd5 O-O 12. O-O Nc6 13. c4 dxc3 14. dxc3 Rad8 15. Nxe7+ Nxe7 16. Be3 Qc7 17. c4 Nf5 18. Rad1 Rfe8 19. Bf2 Nd4 20. Bxd4 cxd4 21. b3 Re3 22. Qf2 Qe7 23. Rd2 Qe4 24. Rfd1 d3 25. Kf1 h6 26.
Kg1 Kh7 27. Qf1 Rd4 28. g3 Re2 29. Rxd3 Rxd3 30. Rxd3 Qxd3 31. f5 Qe3+ 32. Kh1 Re1 0-1

[Event "*** Titled Tuesday Blitz"]
[Site "Chess.com"]
[Date "2020.11.10"]
[Round "11"]
[White "blitzking1729"]
[Black "Grieve72"]
[Result "1-0"]
[WhiteElo "2544"]
[BlackElo "2394"]
[TimeControl "180+1"]
[EndTime "12:12:39 PST"]
[Termination "blitzking1729 won on time"]

1. d4 d5 2. c4 e6 3. Nc3 c6 4. e4 dxe4 5. Nxe4 Bb4+ 6. Nc3 c5 7.
Nf3 Nf6 8. Be3 O-O 9. Be2 Nc6 10. O-O Ng4 11. d5 Nxe3 12. fxe3 Bxc3 13. bxc3 Na5 14.
e4 b6 15. Bd3 Ba6 16. Qe2 Re8 17. Rad1 e5 18. h4 Nb7 19. Ng5 f6 20. Ne6 Qe7 21.
Qg4 Nd6 22. Rf3 Bc8 23. Rg3 Bxe6 24. dxe6 Rad8 25. Be2 g6 26. h5 g5 27. Rgd3 Kf8 28. Qh3 h6 29. Bg4 Nxe4 30. Rd7 Rxd7 31. Rxd7 Rd8 32.
Rxe7 Kxe7 33. Qe3 Nd6 34. Qe2 f5 35. Bxf5 Nxf5 36. Qxe5 Nd6 37. Qg7+ Kxe6 38. Qxh6+ Kf5 39. Qg6+ Kg4 40. Qf6 1-0

[Event "*** Titled Tuesday Blitz"]
[Site "Chess.com"]
[Date "2020.11.10"]
[Round "11"]
[White "Mikhail_Golubev"]
[Black "Shuvalov"]
[Result "0-1"]
[WhiteElo "2566"]
[BlackElo "2472"]
[TimeControl "180+1"]
[EndTime "12:12:40 PST"]
[Termination "Shuvalov won by resignation"]

1. e4 e6 2. Nc3 d5 3. d4 Bb4 4. e5 c5 5. a3 Bxc3+ 6. bxc3 Ne7 7. a4 Qc7 8. Nf3 h6 9. Bd3 b6 10. O-O Ba6 11. Bxa6 Nxa6 12. Qd3 Nb8 13. a5 Qc6 14. axb6 axb6 15. Rxa8 Qxa8 16. dxc5 bxc5 17. Qb5+ Nd7 18. Be3 Qc6 19. Rb1 O-O 20. c4 Rb8 21. Qxb8+ Nxb8 22. Rxb8+ Kh7 23. cxd5 Nxd5 24. Bd2 c4 25. c3 Qa4 26.
Rb1 Qc2 27. Rc1 Qd3 28. h4 f6 29. Re1 fxe5 30. Rxe5 Nxc3 31. Rxe6 Ne4 32. Be3 c3 33. Nd4 c2 34. Rc6 Nc3 35. Kh2 c1=Q 36. Bxc1 Qxd4 37. g3 Qxf2+ 38. Kh3 Qf1+ 0-1

[Event "*** Titled Tuesday Blitz"]
[Site "Chess.com"]
[Date "2020.11.10"]
[Round "11"]
[White "scarabee43"]
[Black "Gulkov_Igor"]
[Result "1/2-1/2"]
[WhiteElo "2565"]
[BlackElo "2462"]
[TimeControl "180+1"]
[EndTime "12:12:41 PST"]
[Termination "Game drawn by repetition"]

1. Nf3 Nf6 2. c4 g6 3. Nc3 Bg7 4. e4 d6 5. d4 O-O 6. Be2 Bg4 7.
Be3 Nfd7 8. O-O Nc6 9. d5 Bxf3 10. Bxf3 Na5 11. Be2 Bxc3 12. bxc3 e5 13. f3 b6 14. Qe1 Nb7 15. Qg3 Nbc5 16. h4 f6 17. Rae1 Qe7 18.
Bd1 Rf7 19. Bc2 Kh8 20. f4 exf4 21. Rxf4 Ne5 22. Bd4 Raf8 23. Ref1 Kg7 24. h5 g5 25. Rf5 h6 26. Qf2 a5 27. Rd1 Nxc4 28. Qe2 Ne5 29.
Rdf1 Ncd7 30. Qb5 Nc5 31. Re1 Qd7 32. Qf1 Qe7 33. Qf2 Re8 34. Qf1 Ref8 35. Re2 Ned7 36. Ref2 Ne5 37. Qe2 Rb8 38. Rf1 Re8 39. Qf2 Ref8 40.
Qe2 Ncd7 41. R1f2 Nc5 42. Rf1 1/2-1/2

[Event "*** Titled Tuesday Blitz"]
[Site "Chess.com"]
[Date "2020.11.10"]
[Round "11"]
[White "DonPreuss"]
[Black "picturesquecheck"]
[Result "1-0"]
[WhiteElo "2233"]
[BlackElo "2099"]
[TimeControl "180+1"]
[EndTime "12:12:41 PST"]
[Termination "DonPreuss won by checkmate"]

1. d4 Nf6 2. Nc3 d5 3. e4 dxe4 4. f3 exf3 5. Nxf3 Bg4 6. h3 Bxf3 7. Qxf3 c6 8. Qf2 e6 9. Bd3 Be7 10. O-O O-O 11. Qh4 g6 12. Bh6 Re8 13. Bg5 Nd5 14.
Ne4 f5 15. Bxe7 Qxe7 16. Ng5 Nd7 17. Rae1 Nf8 18. c4 Nb4 19. Bb1 Rad8 20. a3 Na6 21. d5 cxd5 22. cxd5 Qc5+ 23. Kh1 Qxd5 24. Be4 Qd7 25. Bb1 Qd4 26. Rf4 Qxb2 27. Rf2 Qg7 28. Ba2 Nc7 29. Rc2 Nd5 30. Rce2 Nc7 31. Qc4 b5 32.
Qc6 Qd7 33. Qb7 Nd5 34. Bxd5 Qxd5 35. Qf7+ Kh8 36. Qf6+ Kg8 37. Qf7+ Kh8 38. Qf6+ Kg8 39. Nf7 Qd4 40. Nh6# 1-0

[Event "*** Titled Tuesday Blitz"]
[Site "Chess.com"]
[Date "2020.11.10"]
[Round "11"]
[White "ftorodent"]
[Black "Jospem"]
[Result "0-1"]
[WhiteElo "2703"]
[BlackElo "2914"]
[TimeControl "180+1"]
[EndTime "12:12:42 PST"]
[Termination "Jospem won by checkmate"]

1. d4 Nf6 2. c4 e6 3. Nf3 Bb4+ 4.
Bd2 Qe7 5. Nc3 b6 6. e3 Bb7 7.
Bd3 O-O 8. O-O d6 9. a3 Bxc3 10.
Bxc3 Nbd7 11. b4 e5 12. Be2 Rfe8 13. a4 Ne4 14. Bb2 a5 15. bxa5 Rxa5 16. Qc2 h6 17. Ba3 exd4 18. Nxd4 Rg5 19. Bf3 Qf6 20. Bb2 c5 21. h4 Rg6 22. Bh5 cxd4 23. Bxd4 Qxh4 24. Bxg6 fxg6 25. a5 Ne5 26. f3 Ng3 27. axb6 Bxf3 28. Bxe5 Qh1+ 29. Kf2 Qxg2+ 30. Ke1 Qxc2 31. Rxf3 Qe2# 0-1

[Event "*** Titled Tuesday Blitz"]
[Site "Chess.com"]
[Date "2020.11.10"]
[Round "11"]
[White "JonahWillow"]
[Black "KetiGrant"]
[Result "0-1"]
[WhiteElo "2583"]
[BlackElo "2433"]
[TimeControl "180+1"]
[EndTime "12:12:44 PST"]
[Termination "KetiGrant won on time"]

1. e4 c5 2. Nf3 Nc6 3. d4 cxd4 4. Nxd4 e5 5. Nb5 d6 6. N1c3 a6 7. Na3 b5 8. Nd5 Be7 9. c4 b4 10. Nc2 Rb8 11. g3 Nf6 12. Nxe7 Nxe7 13. Bg2 Bb7 14. Qd3 O-O 15. Bg5 a5 16. O-O Nc6 17. Rad1 h6 18. Bxf6 Qxf6 19. Qxd6 Qg5 20. Qd2 Qh5 21.
Qe3 a4 22. b3 axb3 23. axb3 Rbd8 24. Bf3 Qh3 25. Qb6 Ba8 26. Rxd8 Rxd8 27. Nxb4 Rb8 28. Qc7 Rxb4 29. Ra1 Bb7 30. Rd1 Rxb3 31. Bg2 Qg4 32. f3 Qe6 33. c5 Nd4 34. Qd6 Nxf3+ 35. Bxf3 Rxf3 36. Qb8+ Bc8 37. Rd8+ Kh7 38. Qxc8 Qc4 0-1

[Event "*** Titled Tuesday Blitz"]
[Site "Chess.com"]
[Date "2020.11.10"]
[Round "11"]
[White "narutosmith"]
[Black "zajka-molotok"]
[Result "1-0"]
[WhiteElo "2323"]
[BlackElo "2476"]
[TimeControl "180+1"]
[EndTime "12:12:44 PST"]
[Termination "narutosmith won by resignation"]

1. d4 c5 2. d5 e5 3. Nc3 d6 4.
e4 Be7 5. f4 exf4 6. Bxf4 Bg5 7. Qd2 Bxf4 8. Qxf4 Ne7 9. Nb5 O-O 10. Qxd6 Qa5+ 11. c3 Ng6 12. Nc7 Nd7 13. Nxa8 Nde5 14. Qc7 b6 15. Nf3 Nxf3+ 16. gxf3 Qa4 17. Qg3 f5 18.
Bd3 c4 19. Bb1 Qb5 20. Qf2 Ne5 21. O-O f4 22. Nc7 Qd7 23. Ne6 Rf6 24. Bc2 Qf7 25. Kh1 Qh5 26. Rg1 Nxf3 27. Bd1 Rh6 28. Bxf3 Qh3 29.
Rxg7+ Kh8 30. Qg2 Bxe6 31. dxe6 Qxe6 32. e5 Rg6 33. Rxg6 hxg6 34. Rg1 Qxe5 35. Qxg6 1-0

[Event "*** Titled Tuesday Blitz"]
[Site "Chess.com"]
[Date "2020.11.10"]
[Round "11"]
[White "WiktoriaPOL"]
[Black "ecwinslow"]
[Result "0-1"]
[WhiteElo "2099"]
[BlackElo "2234"]
[TimeControl "180+1"]
[EndTime "12:12:44 PST"]
[Termination "ecwinslow won by checkmate"]

1. c4 g6 2. Nc3 Bg7 3. g3 d6 4. Bg2 Nf6 5. e4 O-O 6. Nge2 c5 7. O-O Nc6 8. d3 Rb8 9. h3 a6 10. a4 Ne8 11. Be3 Nd4 12. Rb1 a5 13. Bxd4 cxd4 14.
Nb5 e5 15. f4 f5 16. Qd2 Be6 17. b4 fxe4 18. Bxe4 Bxh3 19. Bd5+ Kh8 20. Rf2 Nf6 21. Bg2 Bf5 22. Bf3 Ng4 23. Bxg4 Bxg4 24. bxa5 Bh6 25.
Rh2 Bg7 26. Qb4 Bxe2 27. Rxe2 exf4 28. gxf4 Rxf4 29. Qxd6 Rg4+ 30. Rg2 Rxg2+ 31. Kxg2 Qg5+ 32. Kh1 Rf8 33. Rg1 Qh5+ 34. Qh2 Qf3+ 35. Qg2 Qxd3 36. Qxb7 Be5 37. Qg2 Rf3 38. Qb2 Rh3+ 39. Kg2 Rh2# 0-1

[Event "*** Titled Tuesday Blitz"]
[Site "Chess.com"]
[Date "2020.11.10"]
[Round "11"]
[White "biostatistician"]
[Black "vovachesss"]
[Result "1-0"]
[WhiteElo "2546"]
[BlackElo "2658"]
[TimeControl "180+1"]
[EndTime "12:12:45 PST"]
[Termination "biostatistician won on time"]

1. d4 Nc6 2. Nf3 d6 3. d5 Ne5 4. Nxe5 dxe5 5. e4 Nf6 6. Nc3 g6 7. f3 Bg7 8. Bb5+ Bd7 9. Qe2 O-O 10. O-O e6 11. Rd1 exd5 12. Nxd5 Nxd5 13. Bxd7 Nf4 14. Bxf4 exf4 15. c3 c6 16. Rd3 Qb6+ 17. Qf2 Qa6 18. Qd2 Rfd8 19. b3 Bf8 20. Rd1 Bc5+ 21. Kh1 Be3 22. Qb2 Rac8 23. c4 Rc7 24. Qf6 Rf8 25.
e5 c5 26. e6 Bd4 27. exf7+ Rxf7 28. Qd8+ Kg7 29. Qxc7 Qf6 30. Qc8 Re7 31. Rf1 Qh4 32. Rdd1 h5 33. Bh3 Re2 34. Qxb7+ Kh6 35. Qb8 Qf6 36. Rde1 Rxa2 37. Re6 Qg7 38. Qe8 Be3 39. Re7 Ra1 40. g3 1-0

[Event "*** Titled Tuesday Blitz"]
[Site "Chess.com"]
[Date "2020.11.10"]
[Round "11"]
[White "gumimis"]
[Black "zmeeed67"]
[Result "1-0"]
[WhiteElo "2226"]
[BlackElo "2349"]
[TimeControl "180+1"]
[EndTime "12:12:45 PST"]
[Termination "gumimis won by resignation"]

1. e4 Nc6 2. d4 d6 3. f4 Nf6 4. e5 dxe5 5. fxe5 Nd5 6. c4 Nb6 7. Be3 Bf5 8. Nc3 e6 9. Nf3 Be7 10. Be2 O-O 11. O-O h6 12. a3 a5 13. d5 exd5 14.
cxd5 Nb8 15. Bxb6 cxb6 16. d6 Bg5 17. Nxg5 Qxg5 18. Qd4 Nc6 19. Qf4 Be6 20. Qxg5 hxg5 21. Bf3 Nxe5 22. Bxb7 Rad8 23. Rad1 Nc4 24. Rf2 Rxd6 25.
Rxd6 Nxd6 26. Bd5 Re8 27. h3 b5 28. Bc6 Rb8 29. b4 axb4 30. axb4 Bc4 31. Rd2 Nf5 32. Ne4 Rc8 33. Nxg5 f6 34. Bd7 Ra8 35. Bxf5 fxg5 36. Be4 Kf7 37. Bxa8 1-0

[Event "*** Titled Tuesday Blitz"]
[Site "Chess.com"]
[Date "2020.11.10"]
[Round "11"]
[White "KononenkoD"]
[Black "Unknown_IM"]
[Result "1-0"]
[WhiteElo "2619"]
[BlackElo "2399"]
[TimeControl "180+1"]
[EndTime "12:12:46 PST"]
[Termination "KononenkoD won by checkmate"]

1. d4 Nf6 2. c4 c5 3. Nf3 cxd4 4. Nxd4 e5 5. Nb5 d5 6. cxd5 Bc5 7. e3 O-O 8. N5c3 e4 9. Nd2 Qe7 10. a3 Bf5 11. b4 Bd6 12. Bb2 Nbd7 13. Be2 Ne5 14.
Nb3 Rac8 15. Nd4 Bg6 16. O-O Rfd8 17. Rc1 Bb8 18. Qb3 a6 19. h3 Qd6 20. g3 h5 21.
h4 Neg4 22. Bxg4 Nxg4 23. Nce2 f6 24. Ne6 Re8 25. N2f4 Bf7 26. Rxc8 Rxc8 27. Rd1 Ne5 28. Kg2 Nf3 29. b5 axb5 30. Qxb5 g5 31. hxg5 fxg5 32. Nxg5 Nxg5 33. Qxb7 Rd8 34. Rc1 Bxd5 35. Qg7# 1-0